TOP OF THE 1ST |
Denver Bulls batting - Pitching for Windy City Blues : RHP Mardy Owens
|
Pitching: RHP Mardy Owens
|
|
Batting: LHB Alex Cain
|
0-0: Ground out 4-3 (Groundball, 34, EV 81.9 MPH)
|
Batting: RHB Brad Pendolino
|
0-0: Ball 1-0: Foul Ball, location: 2F 1-1: Ball 2-1: Called Strike 2-2: Ground out 6-3 (Groundball, 6S, EV 67.5 MPH)
|
Batting: LHB Jeromy Cardenas
|
0-0: Ball 1-0: Foul Ball, location: 2F 1-1: Fly out, F8 (Flyball, 8LXD, EV 100.0 MPH)
|
Top of the 1st over - 0 runs, 0 hits, 0 errors, 0 left on base; Denver 0 - Windy City 0 |
BOTTOM OF THE 1ST |
Windy City Blues batting - Pitching for Denver Bulls : RHP Jerry Cook
|
Pitching: RHP Jerry Cook
|
|
Batting: RHB Brad Castro
|
0-0: Foul Ball, location: 2F 0-1: Ball 1-1: Ball 2-1: SINGLE (Groundball, 6D, EV 100.0 MPH)
|
Batting: LHB Jay Sharpe
|
0-0: Ball 1-0: Foul Ball, location: 2F 1-1: Foul Ball, location: 2F 1-2: Strikes out swinging
|
Batting: RHB Ezekiel Wolfson
|
0-0: Ball 1-0: Ball 2-0: Ball 3-0: Called Strike 3-1: Called Strike 3-2: Strikes out swinging Brad Castro is caught stealing 2nd base 2-4 Batter strikes out.
|
Bottom of the 1st over - 0 runs, 1 hit, 0 errors, 0 left on base; Denver 0 - Windy City 0 |
TOP OF THE 2ND |
Denver Bulls batting - Pitching for Windy City Blues : RHP Mardy Owens
|
Batting: RHB Kyle Bruns
|
0-0: Fly out, F9 (Flyball, 9, EV 80.0 MPH)
|
Batting: RHB Dalton Brown
|
0-0: Swinging Strike 0-1: Ball 1-1: Called Strike 1-2: Strikes out swinging
|
Batting: RHB Corbin Herron
|
0-0: Ball 1-0: Ground out 4-3 (Groundball, 4MS, EV 85.0 MPH)
|
Top of the 2nd over - 0 runs, 0 hits, 0 errors, 0 left on base; Denver 0 - Windy City 0 |
BOTTOM OF THE 2ND |
Windy City Blues batting - Pitching for Denver Bulls : RHP Jerry Cook
|
Batting: LHB Nigel Torres
|
0-0: Called Strike 0-1: Foul Ball, location: 2F 0-2: Ball 1-2: Ball 2-2: Strikes out swinging
|
Batting: LHB Cade McCormick
|
0-0: Ground out 4-3 (Groundball, 4D, EV 104.4 MPH)
|
Batting: SHB Erik Gripka
|
0-0: Foul Ball, location: 2F 0-1: Ball 1-1: Foul Ball, location: 2F 1-2: Ball 2-2: Ball 3-2: Strikes out swinging
|
Bottom of the 2nd over - 0 runs, 0 hits, 0 errors, 0 left on base; Denver 0 - Windy City 0 |
TOP OF THE 3RD |
Denver Bulls batting - Pitching for Windy City Blues : RHP Mardy Owens
|
Batting: LHB Johnathan Wang
|
0-0: Ball 1-0: Called Strike 1-1: Fly out, F8 (Flyball, 8RD, EV 97.5 MPH)
|
Batting: RHB Oscar McKinney
|
0-0: Called Strike 0-1: Fly out, F8 (Flyball, 8LD, EV 88.1 MPH)
|
Batting: RHB Austin Sarpong
|
0-0: SINGLE (Flyball, 8RS, EV 90.6 MPH)
|
Batting: LHB Alex Cain
|
0-0: Fly out, F7 (Flyball, 7, EV 88.8 MPH)
|
Top of the 3rd over - 0 runs, 1 hit, 0 errors, 1 left on base; Denver 0 - Windy City 0 |
BOTTOM OF THE 3RD |
Windy City Blues batting - Pitching for Denver Bulls : RHP Jerry Cook
|
Batting: RHB Ralph Neben
|
0-0: Foul Ball, location: 2F 0-1: Fly out, F7 (Line Drive, 7S, EV 98.8 MPH)
|
Batting: SHB Steven Hall
|
0-0: Foul Ball, location: 2F 0-1: Ball 1-1: Foul Ball, location: 2F 1-2: Ball 2-2: Ground out 4-3 (Groundball, 34D, EV 102.5 MPH)
|
Batting: SHB Jim Cullipher
|
0-0: Ball 1-0: Ground out U3 (Groundball, 34, EV 94.4 MPH)
|
Bottom of the 3rd over - 0 runs, 0 hits, 0 errors, 0 left on base; Denver 0 - Windy City 0 |
TOP OF THE 4TH |
Denver Bulls batting - Pitching for Windy City Blues : RHP Mardy Owens
|
Batting: RHB Brad Pendolino
|
0-0: Called Strike 0-1: Called Strike 0-2: Ground out 1-3 (Groundball, 13, EV 71.2 MPH)
|
Batting: LHB Jeromy Cardenas
|
0-0: Fly out, F8 (Flyball, 78D, EV 96.9 MPH)
|
Batting: RHB Kyle Bruns
|
0-0: Ball 1-0: Foul Ball, location: 2F 1-1: Called Strike 1-2: Strikes out swinging
|
Top of the 4th over - 0 runs, 0 hits, 0 errors, 0 left on base; Denver 0 - Windy City 0 |
BOTTOM OF THE 4TH |
Windy City Blues batting - Pitching for Denver Bulls : RHP Jerry Cook
|
Batting: RHB Brad Castro
|
0-0: Ball 1-0: Fly out, F7 (Line Drive, 7, EV 91.9 MPH)
|
Batting: LHB Jay Sharpe
|
0-0: Ground out 4-3 (Groundball, 4S, EV 88.8 MPH)
|
Batting: RHB Ezekiel Wolfson
|
0-0: Called Strike 0-1: Foul Ball, location: 2F 0-2: Strikes out swinging
|
Bottom of the 4th over - 0 runs, 0 hits, 0 errors, 0 left on base; Denver 0 - Windy City 0 |
TOP OF THE 5TH |
Denver Bulls batting - Pitching for Windy City Blues : RHP Mardy Owens
|
Batting: RHB Dalton Brown
|
0-0: Called Strike 0-1: Reached on error, E3 (Groundball, 34, EV 90.6 MPH)
|
Batting: RHB Corbin Herron
|
0-0: Called Strike 0-1: Grounds into double play, 5-4-3 (Groundball, 25, EV 76.2 MPH)
|
Batting: LHB Johnathan Wang
|
0-0: Called Strike 0-1: Ball 1-1: Swinging Strike 1-2: Foul Ball, location: 2F 1-2: Ball 2-2: Strikes out swinging
|
Top of the 5th over - 0 runs, 0 hits, 1 error, 0 left on base; Denver 0 - Windy City 0 |
BOTTOM OF THE 5TH |
Windy City Blues batting - Pitching for Denver Bulls : RHP Jerry Cook
|
Batting: LHB Nigel Torres
|
0-0: Foul Ball, location: 2F 0-1: Foul Ball, location: 2F 0-2: Ball 1-2: Ball 2-2: SINGLE (Flyball, 9S, EV 91.2 MPH)
|
Batting: LHB Cade McCormick
|
0-0: Called Strike 0-1: Ball 1-1: Hit by Pitch Nigel Torres to second
|
Batting: SHB Erik Gripka
|
0-0: Sac Bunt to 2R - play at first, batter OUT! 2-4 Nigel Torres to third Cade McCormick to second
|
Batting: RHB Ralph Neben
|
0-0: Ball 1-0: Foul Ball, location: 2F 1-1: Called Strike 1-2: Ball 2-2: Ball 3-2: Foul Ball, location: 2F 3-2: SINGLE (Line Drive, 4MD, EV 98.1 MPH) Nigel Torres scores Cade McCormick to third
|
Batting: SHB Steven Hall
|
0-0: Ball 1-0: Called Strike Ralph Neben steals 2nd base 1-1: Foul Ball, location: 2F 1-2: Strikes out looking
|
Batting: SHB Jim Cullipher
|
0-0: Fly out, F9 (Flyball, 9D, EV 110.6 MPH)
|
Bottom of the 5th over - 1 run, 2 hits, 0 errors, 2 left on base; Denver 0 - Windy City 1 |
TOP OF THE 6TH |
Denver Bulls batting - Pitching for Windy City Blues : RHP Mardy Owens
|
Batting: RHB Oscar McKinney
|
0-0: Called Strike 0-1: SINGLE (Groundball, 4MD, EV 98.8 MPH)
|
Batting: RHB Austin Sarpong
|
0-0: Foul Ball, location: 2F 0-1: Ball 1-1: Bunted foul 1-2: SINGLE (Groundball, 6MD, EV 99.4 MPH) Oscar McKinney to second
|
Batting: LHB Alex Cain
|
0-0: Bunted foul 0-1: Bunted foul 0-2: 3-RUN HOME RUN (Flyball, 89XD, EV 100.6 MPH), Distance : 428 ft
|
Batting: RHB Brad Pendolino
|
0-0: Ball 1-0: Swinging Strike 1-1: Fly out, F8 (Flyball, 8RD, EV 93.1 MPH)
|
Batting: LHB Jeromy Cardenas
|
0-0: Ball 1-0: Called Strike 1-1: Ball 2-1: Ball 3-1: Foul Ball, location: 2F 3-2: Strikes out swinging
|
Batting: RHB Kyle Bruns
|
0-0: Ball 1-0: Ball 2-0: Called Strike 2-1: Called Strike 2-2: SINGLE (Flyball, 9LS, EV 101.9 MPH)
|
Batting: RHB Dalton Brown
|
0-0: Ball 1-0: Swinging Strike 1-1: Swinging Strike 1-2: Strikes out looking
|
Top of the 6th over - 3 runs, 4 hits, 0 errors, 1 left on base; Denver 3 - Windy City 1 |
BOTTOM OF THE 6TH |
Windy City Blues batting - Pitching for Denver Bulls : RHP Jerry Cook
|
Pitching: RHP Joel Raddatz
|
|
Batting: RHB Brad Castro
|
0-0: Called Strike 0-1: Ball 1-1: Swinging Strike 1-2: Foul Ball, location: 2F 1-2: Strikes out looking
|
Batting: LHB Jay Sharpe
|
0-0: Swinging Strike 0-1: Ball 1-1: Called Strike 1-2: Strikes out swinging
|
Batting: RHB Ezekiel Wolfson
|
0-0: Ball 1-0: Ground out 6-3 (Groundball, 6S, EV 69.4 MPH)
|
Bottom of the 6th over - 0 runs, 0 hits, 0 errors, 0 left on base; Denver 3 - Windy City 1 |
TOP OF THE 7TH |
Denver Bulls batting - Pitching for Windy City Blues : RHP Mardy Owens
|
Batting: RHB Corbin Herron
|
0-0: Foul Ball, location: 2F 0-1: SOLO HOME RUN (Flyball, 7D, EV 94.4 MPH), Distance : 364 ft
|
Batting: LHB Johnathan Wang
|
0-0: Ball 1-0: DOUBLE (Groundball, 3L, EV 106.9 MPH)
|
Batting: RHB Oscar McKinney
|
0-0: Foul Ball, location: 2F 0-1: Swinging Strike 0-2: Foul Ball, location: 2F 0-2: Foul Ball, location: 2F 0-2: Strikes out swinging
|
Batting: RHB Austin Sarpong
|
0-0: Ground out 4-3 (Groundball, 4M, EV 89.4 MPH) Johnathan Wang to third
|
Batting: LHB Alex Cain
|
0-0: Ball 1-0: Ball 2-0: Called Strike 2-1: Ball 3-1: Foul Ball, location: 2F 3-2: Base on Balls
|
Batting: RHB Brad Pendolino
|
0-0: Swinging Strike 0-1: Swinging Strike 0-2: SINGLE (Groundball, 34D, EV 94.4 MPH) Johnathan Wang scores Alex Cain to second Runner from 2nd tries for 3rd, SAFE, throw by RF made to third
|
Pitching: LHP Jamal Johnson
|
|
Batting: LHB Jeromy Cardenas
|
0-0: Ball 1-0: Swinging Strike 1-1: Called Strike 1-2: Strikes out swinging
|
Top of the 7th over - 2 runs, 3 hits, 0 errors, 2 left on base; Denver 5 - Windy City 1 |
BOTTOM OF THE 7TH |
Windy City Blues batting - Pitching for Denver Bulls : RHP Joel Raddatz
|
Pitching: RHP Eddie Bollenbach
|
|
Batting: LHB Nigel Torres
|
0-0: Ball 1-0: Foul Ball, location: 2F 1-1: Foul Ball, location: 2F 1-2: Foul Ball, location: 2F 1-2: Ball 2-2: Ball 3-2: Strikes out swinging
|
Batting: LHB Cade McCormick
|
0-0: Foul Ball, location: 2F 0-1: Called Strike 0-2: Ball 1-2: Strikes out swinging
|
Batting: SHB Erik Gripka
|
0-0: Ball 1-0: SOLO HOME RUN (Flyball, 78XD, EV 95.6 MPH), Distance : 388 ft
|
Pitching: LHP Chandler Magnuson
|
|
Batting: RHB Ralph Neben
|
0-0: Called Strike 0-1: Ball 1-1: Called Strike 1-2: Foul Ball, location: 2F 1-2: Foul Ball, location: 2F 1-2: Strikes out swinging
|
Bottom of the 7th over - 1 run, 1 hit, 0 errors, 0 left on base; Denver 5 - Windy City 2 |
TOP OF THE 8TH |
Denver Bulls batting - Pitching for Windy City Blues : LHP Jamal Johnson
|
Batting: RHB Kyle Bruns
|
0-0: Foul Ball, location: 2F 0-1: SINGLE (Groundball, 4MD, EV 101.9 MPH)
|
Batting: RHB Dalton Brown
|
0-0: Foul Ball, location: 2F 0-1: Swinging Strike 0-2: Ball 1-2: Strikes out swinging
|
Batting: RHB Corbin Herron
|
0-0: Ball 1-0: Ball 2-0: Ball 3-0: Base on Balls Kyle Bruns to second
|
Batting: LHB Johnathan Wang
|
0-0: Called Strike 0-1: Ball 1-1: Swinging Strike 1-2: Ball 2-2: Foul Ball, location: 2F 2-2: Strikes out swinging
|
Batting: RHB Oscar McKinney
|
0-0: Swinging Strike 0-1: Foul Ball, location: 2F 0-2: Ball 1-2: Ball 2-2: Ball 3-2: Foul Ball, location: 2F 3-2: Ground out 5-3 (Groundball, 56S, EV 65.6 MPH)
|
Top of the 8th over - 0 runs, 1 hit, 0 errors, 2 left on base; Denver 5 - Windy City 2 |
BOTTOM OF THE 8TH |
Windy City Blues batting - Pitching for Denver Bulls : LHP Chandler Magnuson
|
Batting: SHB Steven Hall
|
0-0: Foul Ball, location: 2F 0-1: Foul Ball, location: 2F 0-2: Ball 1-2: Foul Ball, location: 2F 1-2: Strikes out looking
|
Batting: SHB Jim Cullipher
|
0-0: Fly out, F9 (Flyball, 9D, EV 94.4 MPH)
|
Batting: RHB Brad Castro
|
0-0: Called Strike 0-1: SINGLE (Line Drive, 78M, EV 99.4 MPH)
|
Batting: LHB Jay Sharpe
|
0-0: Ball 1-0: Foul Ball, location: 2F 1-1: Swinging Strike 1-2: Strikes out swinging
|
Bottom of the 8th over - 0 runs, 1 hit, 0 errors, 1 left on base; Denver 5 - Windy City 2 |
TOP OF THE 9TH |
Denver Bulls batting - Pitching for Windy City Blues : LHP Jamal Johnson
|
Batting: RHB Austin Sarpong
|
0-0: SINGLE (Popup, 5D, EV 47.5 MPH)
|
Batting: LHB Alex Cain
|
0-0: Foul Ball, location: 2F 0-1: Sac Bunt to 13 - play at first, batter OUT! 1-3 Austin Sarpong to second
|
Batting: RHB Brad Pendolino
|
0-0: Intentional Walk
|
Batting: LHB Jeromy Cardenas
|
0-0: Called Strike 0-1: Grounds into double play, 1-6-3 (Groundball, P, EV 68.8 MPH)
|
Top of the 9th over - 0 runs, 1 hit, 0 errors, 1 left on base; Denver 5 - Windy City 2 |
BOTTOM OF THE 9TH |
Windy City Blues batting - Pitching for Denver Bulls : LHP Chandler Magnuson
|
Batting: RHB Ezekiel Wolfson
|
0-0: Swinging Strike 0-1: Foul Ball, location: 2F 0-2: Ball 1-2: Strikes out swinging
|
Pitching: RHP Drew Haffner
|
|
Batting: LHB Nigel Torres
|
0-0: Ball 1-0: Foul Ball, location: 2F 1-1: Called Strike 1-2: Foul Ball, location: 2F 1-2: Strikes out swinging
|
Batting: LHB Cade McCormick
|
0-0: Called Strike 0-1: Foul Ball, location: 2F 0-2: Ball 1-2: Foul Ball, location: 2F 1-2: Ball 2-2: SOLO HOME RUN (Flyball, 9D, EV 91.9 MPH), Distance : 357 ft
|
Pitching: RHP Brian Clark
|
|
Batting: SHB Erik Gripka
|
0-0: Ball 1-0: Fly out, F6 (Flyball, 56D, EV 86.2 MPH)
|
Bottom of the 9th over - 1 run, 1 hit, 0 errors, 0 left on base; Denver 5 - Windy City 3 |
|